 Dungeon Crawl Stone Soup version 0.29.1-13-g9f3cf754e1 (webtiles) character file.

Game seed: 10846476551342738960

95 tizbic2 the Caller (level 4, 0/44 HPs)
             Began as an Ogre Summoner on Feb 9, 2023.
             Slain by a gnoll
             ... wielding a +0 flail of protection
              (10 damage)
             ... on level 3 of the Dungeon.
             The game lasted 00:10:00 (1997 turns).

tizbic2 the Caller (Ogre Summoner)                  Turns: 1997, Time: 00:10:01

Health: 0/44       AC:  3    Str: 14    XL:     4   Next: 65%
Magic:  1/8        EV:  9    Int: 22    God:
Gold:   160        SH:  0    Dex:  9    Spells: 5/9 levels left

rFire   . . .      SeeInvis .   g - +0 mace
rCold   . . .      Faith    .   (no shield)
rNeg    . . .      Spirit   .   a - +0 robe
rPois   .          Reflect  .   (helmet restricted)
rElec   .          Harm     .   (no cloak)
rCorr   .          Rampage  .   (gloves unavailable)
Will    .....                   (boots unavailable)
Stlth   +.........              (no amulet)
HPRegen 0.14/turn               e - ring of wizardry
MPRegen 0.11/turn               m - +6 ring of intelligence

@: no status effects
A: large, unfitting armour, tough skin 1
a: no special abilities


You were on level 3 of the Dungeon.
You visited 1 branch of the dungeon, and saw 3 of its levels.

You collected 160 gold pieces.

Inventory:

Hand Weapons
 g - a +0 mace (weapon)
Missiles
 c - 3 poisoned darts
 d - 15 stones
 f - 5 boomerangs
Armour
 a - a +0 robe (worn)
 k - a +2 tower shield
Jewellery
 e - a ring of wizardry (left hand)
 j - a +4 ring of evasion
 l - a ring of poison resistance
 m - a +6 ring of intelligence (right hand)
Potions
 b - a potion of magic
 i - a potion of invisibility {unknown}
 n - a potion of berserk rage


   Skills:
 + Level 2.3 Fighting
 - Level 1.7 Dodging
 - Level 1.4 Stealth
 + Level 0.3 Shields
 + Level 3.3 Spellcasting
 * Level 4.5 Summonings


You had 5 spell levels left.
You knew the following spells:

 Your Spells              Type           Power      Damage    Failure   Level
a - Summon Small Mammal   Summ           92%        N/A       1%          1
b - Call Canine Familiar  Summ           23%        N/A       2%          3

Your spell library contained the following spells:

 Spells                   Type           Power      Damage    Failure   Level
 Call Imp                 Summ           23%        N/A       1%          2
 Summon Guardian Golem    Hex/Summ       13%        N/A       6%          3
 Summon Lightning Spire   Summ/Air       13%        N/A       19%         4


Dungeon Overview and Level Annotations

Branches:
Dungeon (3/15)

Altars:
Vehumet

Shops:
D:1 *[*[


Innate Abilities, Weirdness & Mutations

You are too large for most types of armour.
You have tough skin. (AC +1)


Message History

Your hound disappears in a puff of smoke!
The gnoll hits you from afar with a +0 halberd!
The gnoll hits you with a +0 flail of protection.
The ball python bites the plant.
The plant begins to die.
The ball python grabs the plant.
The ball python constricts the plant.
Your hound bites the gnoll.
You barely miss the gnoll.
The gnoll is lightly wounded.
Your hound bites the gnoll.
The gnoll dies!
The ball python loses its grip on the plant.
Your hound bites the gnoll.
The gnoll hits you with a +0 flail of protection.
What are your orders? t - Shout!
Orders for allies: a - Attack new target. r - Retreat! s - Stop attacking. g - Guard the area. f - Follow me.
Anything else - Cancel.
Gang up on whom?
Press: ? - help, Dir - move target, f - gnoll
Aim: a gnoll, wielding a +0 flail of protection (moderately wounded, ally target) Attack!
Your hound bites the gnoll.
The gnoll misses you.
Your hound bites the gnoll but does no damage.
You completely miss the gnoll.
The gnoll is severely wounded.
Your hound closely misses the gnoll.
The gnoll hits you but does no damage.
Your hound barely misses the gnoll.
The gnoll hits you with a +0 flail of protection!
* * * LOW HITPOINT WARNING * * *
Unknown command.
You barely miss the gnoll.
The gnoll is severely wounded.
A nearby plant withers and dies.
Your hound bites the gnoll.
The gnoll barely misses your hound.
Your hound bites the gnoll.
You hit the gnoll but do no damage.
The gnoll is almost dead.
Your hound bites the gnoll.
The gnoll hits you with a +0 flail of protection!
You die...

###########
#.........#
#.#######.#
#@# #.#
##g# #.#
♣♣#hS# #.#
♣♣...♣# #.#
#P..)♣ #.#
##.♣.# #.#
+.$.'#P.#
#.# ##.##
.## #.# #


.PK #.# You could see a gnoll (ally target), a ball python and a friendly hound
(summoned).

Vanquished Creatures
  2 adders
  A dart slug (D:2)
  An endoplasm (D:2)
  A giant cockroach (D:1)
  2 goblins (D:1)
  2 jackals (D:1)
  3 kobolds
  A quokka (D:2)
  A ball python (D:1)
  3 bats
  A frilled lizard (D:1)
  6 rats
24 creatures vanquished.

Vanquished Creatures (collateral kills)
  A gnoll (D:3)
  An adder (D:2)
  A worm (D:2)
  An endoplasm (D:2)
  4 hobgoblins
  A jackal (D:1)
  3 quokkas
  3 ball pythons
  2 bats
  4 goblins
  A kobold (D:3)
  6 rats
28 creatures vanquished.

Vanquished Creatures (others)
  43 plants
  7 withered plants (D:2)
50 creatures vanquished.

Grand Total: 102 creatures vanquished

Notes
Turn   | Place    | Note
-------+----------+-------------------------------------------
     0 | D:1      | tizbic2 the Ogre Summoner began the quest for the Orb.
     0 | D:1      | Reached XP level 1. HP: 16/16 MP: 3/3
    16 | D:1      | Found Yffuakir's Assorted Antiques.
   125 | D:1      | Reached XP level 2. HP: 26/26 MP: 5/5
   137 | D:1      | Found Epy Qaits's Armour Boutique.
   170 | D:1      | Reached skill level 1 in Fighting
   359 | D:1      | Reached skill level 4 in Summonings
   552 | D:1      | Found Kusudishu's Armour Boutique.
   552 | D:1      | Found Pumn's General Store.
   633 | D:1      | Reached XP level 3. HP: 32/33 MP: 5/7
   748 | D:2      | Found a faded altar of an unknown god.
   887 | D:2      | Learned a level 3 spell: Call Canine Familiar
   898 | D:2      | Reached XP level 4. HP: 42/42 MP: 4/8
  1137 | D:2      | Found a radiant altar of Vehumet.
  1997 | D:3      | Slain by a gnoll

Illustrated notes

Levels and vault maps discovered:
D:1:      shiori_shiawase, layout_rooms, serial_shops, shop,
          nicolae_shop_crystal, shop, shop, minmay_misc_feat_diagonals,
          grunt_decor_arrowhead, minivault_25
D:2:      layout_basic, basic_altar, shapermc_ecumenical_altar_flowoftime,
          kennysheep_boxes
D:3:      wad_woods_tower, layout_loops_ring, serial_shops, shop,
          minmay_misc_feat_nine_boxes, uniq_jessica

Skill      XL: |  1  2  3 |
---------------+----------+-----
Fighting       | 1 2 |  2.3
Summonings     | 4 |  4.5
Spellcasting   | 3 |  3.3
Dodging        | |  1.7
Stealth        | |  1.4
Shields        | |  0.3

Action                   |  1- 3 |  4- 6 || total
-------------------------+-------+-------++-------
Melee: Unarmed           |     6 |       ||     6
       Club              |     8 |       ||     8
       Dagger            |     1 |       ||     1
       Mace              |    48 |    35 ||    83
 Cast: Summon Small Mamm |    20 |     1 ||    21
       Call Canine Famil |     1 |     6 ||     7
  Use: Scroll            |     1 |     4 ||     5
       Potion            |       |     1 ||     1
 Stab: Sleeping          |     1 |     1 ||     2
       Distracted        |     1 |       ||     1
Armor: Robe              |    29 |    11 ||    40
Dodge: Dodged            |    41 |    30 ||    71
